 Dungeon Crawl Stone Soup version 0.21-a0-352-g5b8f553 (webtiles) character file.

8 4thArraOfDagon the Skirmisher (level 2, 1/26 HPs)
             Began as a Ghoul Abyssal Knight on Oct 11, 2017.
             Was an Initiate of Lugonu.
             Quit the game on level 2 of the Dungeon.
             The game lasted 00:01:38 (218 turns).

4thArraOfDagon the Skirmisher (Ghoul Abyssal Knight) Turns: 218, Time: 00:01:39

Health: 1/26       AC:  3    Str: 15      XL:     2   Next: 8%
Magic:  2/2        EV: 11    Int:  5 (7)  God:    Lugonu [......]
Gold:   23         SH:  0    Dex:  8      Spells: 1/1 levels left

rFire    . . .     SeeInvis .     - Unarmed
rCold    + . .     Gourm    .   (no shield)
rNeg     + + +     Faith    .   a - +0 leather armour
rPois    ∞         Spirit   .   (no helmet)
rElec    .         Reflect  .   (no cloak)
rCorr    .         Harm     .   (no gloves)
MR       .....                  (no boots)
Stlth    +.........             (no amulet)
HPRegen  0.00/turn              (no ring)
MPRegen  0.08/turn              (no ring)

@: rotting
A: rotting body, claws 1, carnivore 3, cold resistance 1, negative energy
resistance 3, inhibited regeneration, torment resistance, unbreathing
a: Renounce Religion


You were on level 2 of the Dungeon.
You worshipped Lugonu.
Lugonu was noncommittal.
You were not hungry.

You visited 1 branch of the dungeon, and saw 2 of its levels.
You visited the Abyss 1 time.

You collected 23 gold pieces.

Inventory:

Armour
 a - a +0 leather armour (worn)
Comestibles
 b - a meat ration
 f - 5 chunks of flesh


   Skills:
 + Level 3.4 Fighting
 + Level 1.9 Armour
 + Level 1.0 Dodging
 * Level 2.4 Unarmed Combat
 + Level 2.1 Invocations


You had one spell level left.
You didn't know any spells.

Dungeon Overview and Level Annotations

Branches:
Dungeon (2/15)

Altars:

Annotations:
D:2 Robin


Innate Abilities, Weirdness & Mutations

Your body is rotting away.
You thrive on raw meat.
You are immune to poison.
You have sharp fingernails.
You are carnivorous and can eat meat at any time.
Your flesh is cold resistant. (rC+)
You are immune to negative energy. (rN+++)
You do not regenerate when monsters are visible.
You are immune to unholy pain and torment.
You can survive without breathing.


Message History

The goblin hits you with a dagger.
You closely miss the goblin. The goblin closely misses you.
The rat bites you but does no damage. The goblin closely misses you.
You barely miss the goblin. The goblin barely misses you.
The rat barely misses you. The goblin hits you with a dagger.
* * * LOW HITPOINT WARNING * * *
The frilled lizard unfolds its giant frill.
You scratch the goblin but do no damage.
The goblin hits you.
* * * LOW HITPOINT WARNING * * *
The rat bites you but does no damage. The goblin hits you but does no damage.
Unknown command.
You closely miss the goblin. The goblin misses you. The rat bites you.
* * * LOW HITPOINT WARNING * * *
The goblin hits you with a dagger.
* * * LOW HITPOINT WARNING * * *
Robin roars a battlecry!
The goblins go into a battle-frenzy!
Unknown command.
Are you sure you want to abandon this character and quit the game? (Confirm with "yes".) ....# #....# ....# ####### ....## ######## ....... gg§..# ##......# .......
Sgg..

##........
..[?..l###rg##.##...<.....
......lrg@g# #..#w.(......
......Sg#######.#gg.......
##.###.§.r.gg.gw.(..?.....
#.########.ggg..g.... ...
#....#..(?.g.. .....
#..<.#......>. ...S...
#............. S......
...........g.?. .......
###.........g...


You could see Robin, 2 adders, a leopard gecko, 7 goblins, a frilled lizard and
2 rats.

Vanquished Creatures
  A bat (D:1)
  A giant cockroach (D:2)
  A hobgoblin (D:2)
  2 kobolds (D:1)
  A quokka (D:2)
  A ball python (D:1)
7 creatures vanquished.

Notes
Turn   | Place    | Note
-------+----------+-------------------------------------------
     0 | Abyss:1  | 4thArraOfDagon the Ghoul Abyssal Knight began the quest for the Orb.
     0 | Abyss:1  | Reached XP level 1. HP: 19/19 MP: 1/1
    25 | Abyss:1  | Noticed a small abomination
    41 | Abyss:1  | Noticed a green draconian
    49 | Abyss:1  | Noticed a quasit
    56 | D:1      | Escaped the Abyss
   134 | D:1      | Reached skill level 1 in Dodging
   177 | D:2      | Noticed Robin
   207 | D:2      | Reached XP level 2. HP: 13/26 MP: 2/2
   217 | D:2      | HP: 1/26 [goblin/dagger[Robin] (1)]
   218 | D:2      | Quit the game

Vault maps used:
D:1:      nzn_arrival_crosshair
D:2:      lemuel_round_altar, uniq_natasha, uniq_robin

Skill      XL: |  1 |
---------------+----+-----
Dodging        | 1 |  1.0
Fighting       | |  3.4
Armour         | |  1.9
Unarmed Combat | |  2.4
Invocations    | |  2.1

Action                   || total
-------------------------++-------
Melee: Unarmed           ||    30
Invok: Depart the Abyss  ||     1
  Use: Scroll            ||     3
       Potion            ||     3
  Eat: Chunk             ||     3
Armor: Leather armour    ||    27
Dodge: Dodged            ||    34

Table legend:
 A = Spawn XP
 B = Non-spawn XP
 C = Spawn XP percentage of total XP
 D = Spawn monster count
 E = Non-spawn monster count
 F = Spawn count percentage of total count
 G = Total turns spent on level
                    A         B        C        D         E        F      G
               +---------+---------+-------+---------+---------+-------+---------
         Total |       0 |      12 |   0.0 |       0 |       7 |   0.0 |   218
               +---------+---------+-------+---------+---------+-------+---------
           D:1 |       0 |       6 |   0.0 |       0 |       4 |   0.0 |   121
           D:2 |       0 |       6 |   0.0 |       0 |       3 |   0.0 |    41
               +---------+---------+-------+---------+---------+-------+---------
